 Dungeon Crawl Stone Soup version 0.22-a0-469-gf26638a (webtiles) character file.

70 HammerPanzer the Slasher (level 4, -1/40 HPs)
             Began as a Draconian Berserker on June 12, 2018.
             Was a Believer of Trog.
             Slain by an adder (3 damage)
             ... on level 2 of the Dungeon.
             The game lasted 00:05:10 (1504 turns).

HammerPanzer the Slasher (Draconian Berserker)      Turns: 1504, Time: 00:05:10

Health: -1/40      AC:  5    Str: 20    XL:     4   Next: 3%
Magic:  4/4        EV: 13    Int:  7    God:    Trog [**....]
Gold:   146        SH:  0    Dex: 11    Spells: 3/3 levels left

rFire    . . .     SeeInvis .   a - +0 falchion
rCold    . . .     Gourm    .   (no shield)
rNeg     . . .     Faith    .   (armour unavailable)
rPois    .         Spirit   .   (helmet restricted)
rElec    .         Reflect  .   (no cloak)
rCorr    .         Harm     .   (no gloves)
MR       +....                  (no boots)
Stlth    +.........             (no amulet)
HPRegen  0.13/turn              j - ring of protection from magic
MPRegen  0.09/turn              (no ring)

@: lethally poisoned (-1 -> -1), berserk cooldown, flying, slowed, very slow
A: unfitting armour, cold-blooded, AC +5
a: Berserk, Trog's Hand, Renounce Religion


You were on level 2 of the Dungeon.
You worshipped Trog.
Trog was pleased with you.
You were hungry.

You visited 1 branch of the dungeon, and saw 2 of its levels.

You collected 146 gold pieces.

Inventory:

Hand Weapons
 a - a +0 falchion (weapon)
Jewellery
 j - a ring of protection from magic (left hand)
Scrolls
 e - 2 scrolls of amnesia {unknown}
 f - a scroll of identify {unknown}
 i - a scroll of magic mapping {unknown}
Comestibles
 b - 2 rations
 d - a chunk of flesh


   Skills:
 + Level 3.9 Fighting
 * Level 4.1 Long Blades
 + Level 3.2 Dodging


You had 3 spell levels left.
You didn't know any spells.
Your spell library was empty.

Dungeon Overview and Level Annotations

Branches:
Dungeon (2/15)

Altars:


Innate Abilities, Weirdness & Mutations

Your plain brown scales are hard. (AC +5)
You cannot fit into any form of body armour.
You are cold-blooded and may be slowed by cold attacks.


Message History

* * * LOW HITPOINT WARNING * * *
The jackal bites you.
* * * LOW HITPOINT WARNING * * *
The jackal closely misses you.
You riposte.
You closely miss the jackal. The jackal misses you.
The jackal bites you but does no damage.
You feel sick. The jackal closely misses you. The adder closely misses you.
You hit the jackal but do no damage. The jackal barely misses you.
You riposte.
You barely miss the jackal. The adder barely misses you.
The jackal bites you but does no damage.
The jackal closely misses you. The adder barely misses you.
The jackal bites you but does no damage.
The jackal bites you.
* * * LOW HITPOINT WARNING * * *
The jackal barely misses you. The jackal bites you.
* * * LOW HITPOINT WARNING * * *
You barely miss the jackal.
You feel sick. The jackal misses you.
You riposte.
You closely miss the jackal. The jackal closely misses you.
The jackal misses you. The adder bites you.
You die...

#.......%.... #...........
##......?...^ #### #............
....### ##.........# ......#
#.........##
......######.#.r...#.# #
.......#......ghhh## #...........
...............#@h##.....)...<...
......#........Sh#...##..........
......#..........................
...gr##..............##..........
....###..............##..........
##..####...(....#.#####..........
##..###........#.# #..<......
##..##..........#######.....##.
##g##......#.#.#......#..#####


You could see an adder, 5 jackals, a hobgoblin and a rat.

Vanquished Creatures
  A gnoll (D:1)
  2 adders (D:2)
  4 leopard geckos
  A giant cockroach (D:2)
  5 goblins
  4 hobgoblins (D:1)
  2 jackals (D:2)
  6 bats
  A frilled lizard (D:1)
  4 kobolds
  9 rats
39 creatures vanquished.

Notes
Turn   | Place    | Note
-------+----------+-------------------------------------------
     0 | D:1      | HammerPanzer the Draconian Berserker began the quest for the Orb.
     0 | D:1      | Reached XP level 1. HP: 19/19 MP: 1/1
    22 | D:1      | Reached XP level 2. HP: 18/26 MP: 2/2
   570 | D:1      | Reached XP level 3. HP: 30/31 MP: 3/3
  1261 | D:2      | Reached ** piety under Trog
  1467 | D:2      | Reached skill level 4 in Long Blades
  1480 | D:2      | Reached XP level 4. HP: 24/40 MP: 4/4
  1504 | D:2      | HP: 2/40 [poisoned by an adder]
  1504 | D:2      | Slain by an adder

Vault maps used:
D:1:      minmay_arrival_four_houses

Skill      XL: |  1  2  3 |
---------------+----------+-----
Dodging        | 3 |  3.2
Long Blades    | 4 |  4.1
Fighting       | |  3.9

Action                   |  1- 3 |  4- 6 || total
-------------------------+-------+-------++-------
Melee: Falchion          |    89 |     6 ||    95
       Tailslap          |    12 |       ||    12
Invok: Berserk           |     3 |       ||     3
  Use: Potion            |     3 |       ||     3
  Eat: Chunk             |     4 |       ||     4
Armor: Skin              |    38 |    17 ||    55
Dodge: Dodged            |   107 |    41 ||   148
       Rpst.: Falchion   |    29 |     7 ||    36

Table legend:
 A = Spawn XP
 B = Non-spawn XP
 C = Spawn XP percentage of total XP
 D = Spawn monster count
 E = Non-spawn monster count
 F = Spawn count percentage of total count
 G = Total turns spent on level
                    A         B        C        D         E        F      G
               +---------+---------+-------+---------+---------+-------+---------
         Total |       0 |     100 |   0.0 |       0 |      39 |   0.0 |  1504
               +---------+---------+-------+---------+---------+-------+---------
           D:1 |       0 |      49 |   0.0 |       0 |      22 |   0.0 |  1222
           D:2 |       0 |      51 |   0.0 |       0 |      17 |   0.0 |   282
               +---------+---------+-------+---------+---------+-------+---------
